 Dungeon Crawl Stone Soup version 0.18-a0-1311-g779ca93 (webtiles) character file.

57 dalore the Skirmisher (level 3, -2/29 HPs)
             Began as a Demonspawn Berserker on Feb 13, 2016.
             Was a Believer of Trog.
             Slain by Ijyb
             ... wielding a +4 dagger of draining
              (5 damage)
             ... on level 2 of the Dungeon.
             The game lasted 00:07:06 (1395 turns).

dalore the Skirmisher (Demonspawn Berserker)        Turns: 1395, Time: 00:07:07

Health: -2/29      AC:  2    Str: 18    XL:     3   Next: 73%
Magic:  3/3        EV: 11    Int:  8    God:    Trog [**....]
Gold:   55         SH:  0    Dex: 12    Spells: 0 memorised, 2 levels left

rFire  . . .     SeeInvis .     a - +0 mace
rCold  . . .     Gourm    .     b - +0 animal skin
rNeg   . . .     Faith    .     (no shield)
rPois  .         Spirit   .     (no helmet)
rElec  .         Dismiss  .     (no cloak)
rCorr  .         Reflect  .     (no gloves)
SustAt .         Harm     .     (no boots)
MR     .....                    (no amulet)
Stlth  +.........               (no ring)
                                (no ring)

@: exhausted, flying, slowed, very heavily drained, very slow, not resistant to
hostile enchantments, very unstealthy
A: demonic guardian 1, powered by death 1
a: Berserk, Trog's Hand, Burn Spellbooks, Renounce Religion


You were on level 2 of the Dungeon.
You worshipped Trog.
Trog was pleased with you.
You were very hungry.

You visited 1 branch of the dungeon, and saw 3 of its levels.

You collected 55 gold pieces.

Inventory:

Hand Weapons
 a - a +0 mace (weapon)
Armour
 b - a +0 animal skin (worn)
Scrolls
 d - a scroll of amnesia {unknown}
 e - a scroll of fear {unknown}
 f - a scroll of enchant armour {unknown}
 g - a scroll of magic mapping {unknown}
 h - 2 scrolls of remove curse {unknown}
Comestibles
 c - 2 bread rations {@e1}
 i - 2 chunks of flesh {@w0}


   Skills:
 + Level 3.5(0.0) Fighting
 + Level 3.1(0.0) Maces & Flails
 + Level 2.3(0.0) Armour
 + Level 2.4(0.0) Dodging


You had 2 spell levels left.
You didn't know any spells.

Dungeon Overview and Level Annotations

Branches:
Dungeon (3/15)

Altars:

Annotations:
D:2 1 runed door, Ijyb


Innate Abilities, Weirdness & Mutations

A weak demonic guardian rushes to your aid.
You regenerate a little health from kills.


Message History

The kobold hits you with a whip.
Ijyb hits you with a dagger of draining.
You feel drained.
You take 3 damage, and have 30/43 hp.
You hit Ijyb. The kobold hits you with a dagger.
The kobold hits you but does no damage.
Ijyb hits you with a dagger of draining.
You feel drained.
You take 3 damage, and have 27/43 hp.
The kobold misses you.
You feel a strong urge to attack something.
You closely miss the kobold.
You are no longer berserk.
You are exhausted.
You feel yourself slow down.
You are feeling hungry.
The kobold closely misses you.
You now have 20/29 hp.
You closely miss the kobold. The kobold barely misses you.
The kobold misses you. The kobold barely misses you. x2
You regained 2 hp, and now have 22/29 hp.
You barely miss the kobold.
You feel the effects of Trog's Hand fading.
The kobold hits you with a whip. The kobold barely misses you.
The kobold hits you with a whip. The kobold hits you but does no damage.
You take 5 damage, and have 17/29 hp.
Unknown command.
You are too injured to fight recklessly!
You are feeling very hungry.
The kobold hits your iron imp but does no damage. x2
The kobold barely misses your iron imp.
You regained 2 hp, and now have 19/29 hp.
The kobold hits your iron imp but does no damage.
Your iron imp hits the kobold.
The kobold dies!
Trog accepts your kill.
You regained 2 hp, and now have 21/29 hp.
Your iron imp hits the rat!
The rat dies!
Trog accepts your kill.
You regained 3 hp, and now have 24/29 hp.
Your skin stops crawling.
You feel less resistant to hostile enchantments.
Ijyb screams, "Get away!"
The kobold hits you but does no damage.
Ijyb hits your iron imp but does no damage.
You regained 3 hp, and now have 27/29 hp.
Health restored: 29 You hit the kobold.
You kill the kobold!
Trog accepts your kill.
Something disappears in a puff of smoke!
Drink which item? (? for menu, Esc to quit)
It was a potion of flight.
You feel very buoyant.
You fly up into the air.
You hit Ijyb.
Ijyb hits you with a dagger of draining.
You feel drained.
Ijyb hits you with a dagger of draining.
You feel drained.
You take 8 damage, and have 21/29 hp.
MASSIVE DAMAGE!!
You hit Ijyb but do no damage.
Ijyb hits you with a dagger of draining.
You feel drained.
Ijyb hits you with a dagger of draining.
You feel drained.
You take 6 damage, and have 15/29 hp.
MASSIVE DAMAGE!!
You offer a prayer to Trog.
Trog is pleased with you.
You barely miss Ijyb.
Ijyb hits you with a dagger of draining.
You feel drained.
Ijyb hits you with a dagger of draining.
You feel drained.
You take 4 damage, and have 11/29 hp.
You closely miss Ijyb.
You feel less regenerative.
Ijyb hits you with a dagger of draining.
You feel drained.
* * * LOW HITPOINT WARNING * * *
Ijyb hits you with a dagger of draining.
* * * LOW HITPOINT WARNING * * *
You feel drained.
You take 4 damage, and have 7/29 hp.
You offer a prayer to Trog.
Trog is pleased with you.
You hit Ijyb but do no damage. Ijyb barely misses you.
Ijyb hits you with a dagger of draining.
* * * LOW HITPOINT WARNING * * *
You feel drained.
* * * LOW HITPOINT WARNING * * *
You take 4 damage, and have 3/29 hp.
Number of times to repeat, then command key: You must enter the number of times for the command to repeat.
Ijyb barely misses you.
Ijyb hits you with a dagger of draining.
You die...

.?......# . ........# ...
........########....
....................
........)g5...#.##
.(......##..#)#.#
........##..#.#.#
........##..#g#.# ..
######.###..#@#.# #..
..###.†#.#.# #..
..........#.# #.#
.....#....#.# #.#
.#####....#.######.#
...............##.#
....).....#.#...†..#######
.........#.#.####.......(
#.#.#....#.#.# #........


You could see Ijyb.

Vanquished Creatures
  An adder (D:2)
  3 giant cockroaches (D:1)
  4 goblins (D:1)
  7 hobgoblins
  4 jackals (D:1)
  7 kobolds
  9 bats
  A giant newt (D:1)
  A jackal skeleton (D:2)
  5 rats
42 creatures vanquished.

Vanquished Creatures (collateral kills)
  A kobold (D:2)
  A rat (D:2)
2 creatures vanquished.

Grand Total: 44 creatures vanquished

Notes
Turn   | Place    | Note
--------------------------------------------------------------
     0 | D:1      | dalore the Demonspawn Berserker began the quest for the Orb.
     0 | D:1      | Reached XP level 1. HP: 18/18 MP: 1/1
    66 | D:1      | Reached skill level 2 in Dodging
   202 | D:1      | Gained mutation: A weak demonic guardian rushes to your aid. [demonic ancestry]
   202 | D:1      | Reached XP level 2. HP: 21/24 MP: 2/2
   230 | D:1      | Reached skill level 2 in Armour
   459 | D:2      | Found a runed door.
   459 | D:2      | Noticed a human
   802 | D:1      | Reached ** piety under Trog
   808 | D:1      | Gained mutation: You regenerate a little health from kills. [demonic ancestry]
   808 | D:1      | Reached XP level 3. HP: 29/29 MP: 3/3
  1174 | D:1      | Reached skill level 3 in Maces & Flails
  1367 | D:2      | Noticed Ijyb
  1392 | D:2      | HP: 7/29 [Ijyb/dagger of draining (1)]
  1393 | D:2      | HP: 3/29 [Ijyb/dagger of draining (1)]
  1395 | D:2      | Slain by Ijyb

Vault maps used:
D:1:      lemuel_arrival_rhombus
D:2:      first_bread, dk_yredelemnul_ordeal, uniq_iyjb
D:3:      uniq_sigmund, uniq_jessica, uniq_natasha

Action                   || total
-------------------------++-------
Melee: Mace              ||   135
Invok: Berserk           ||     2
       Trog's Hand       ||     2
  Use: Potion            ||     1
 Stab: Sleeping          ||     1
  Eat: Chunk             ||     3

Vault maps used:
D:1:      lemuel_arrival_rhombus
D:2:      first_bread, dk_yredelemnul_ordeal, uniq_iyjb
D:3:      uniq_sigmund, uniq_jessica, uniq_natasha

Table legend:
 A = Turns spent in this place as a percentage of turns spent in the entire game.
 B = Non-inter-level travel turns spent in this place as a percentage of non-inter-level travel turns spent in the entire game.
 C = Inter-level travel turns spent in this place as a percentage of turns spent in this place.
 D = Turns resting spent in this place as a percentage of non-inter-level travel turns spent in this place.
 E = Turns spent auto-exploring this place as a percentage of non-inter-level travel turns spent in this place.
 F = Non-inter-level travel turns spent in this place divided by the number of levels of this place that you've seen.
                   A       B       C       D       E      F
               +-------+-------+-------+-------+-------+----------------------
         Total | 100.0 | 100.0 |   2.2 |   4.5 |  10.4 | 134.7
       Dungeon | 100.0 | 100.0 |   2.2 |   4.5 |  10.4 | 134.7
               +-------+-------+-------+-------+-------+----------------------

Table legend:
 A = Kills in this place as a percentage of kills in entire the game.
 B = Kills by you in this place as a percentage of kills by you in the entire game.
 C = Kills by friends in this place as a percentage of kills by friends in the entire game.
 D = Other kills in this place as a percentage of other kills in the entire game.
 E = Experience gained in this place as a percentage of experience gained in the entire game.
 F = Experience gained in this place divided by the number of levels of this place that you have seen.
                   A       B       C       D       E      F
               +-------+-------+-------+-------+-------+----------------------
         Total | 100.0 | 100.0 | 100.0 |  -nan | 100.0 |  27.3
       Dungeon | 100.0 | 100.0 | 100.0 |  -nan | 100.0 |  27.3
               +-------+-------+-------+-------+-------+----------------------
